 Dungeon Crawl Stone Soup version 0.30-a0-1112-gfb780f5df6 (webtiles) character file.

Game seed: 17361608260845782801

34880 ytrimaz the Spry (level 13, -7/96 HPs)
             Began as a Demonspawn Monk on Apr 19, 2023.
             Mangled by a catoblepas (23 damage)
             ... on level 13 of the Dungeon.
             The game lasted 00:24:15 (13689 turns).

ytrimaz the Spry (Demonspawn Monk)                 Turns: 13689, Time: 00:24:16

Health: -7/96      AC:  9    Str: 12    XL:     13   Next: 44%
Magic:  17/17      EV: 25    Int: 16    God:
Gold:   1404       SH:  0    Dex: 21    Spells: 17/18 levels left

rFire   + . .      SeeInvis .    S - +3 scimitar (flame)
rCold   . . .      Faith    .    d - orb {light}
rNeg    . . .      Spirit   .    D - +2 troll leather armour {Snorg}
rPois   .          Reflect  .    (helmet restricted)
rElec   +          Rampage  .    i - +0 cloak
rCorr   .                        H - +0 pair of gloves
Will    .....                    y - +0 pair of boots
Stlth   +                        V - amulet "Xoim Sov" {Fragile rElec Regen+ Int+5}
HPRegen 1.96/turn                s - ring of Itucipomp {+Blink rF+ Slay+2 Stlth+}
MPRegen 0.15/turn                O - ring of flight

@: flying, glowing
A: horns 2, spiny 1, sturdy frame 2, demonic magic 1
a: Evoke Blink


You were on level 13 of the Dungeon.
You visited 2 branches of the dungeon, and saw 14 of its levels.
You also visited: Bailey.

You collected 1404 gold pieces.


Innate Abilities, Weirdness & Mutations

You have a pair of horns on your head.
You are partially covered in sharp spines.
Your movements are less encumbered by armour. (ER -4)
Spells you cast may paralyse adjacent enemies.


   Skills:
 + Level 7.0 Fighting
 - Level 14.0 Long Blades
 + Level 17.1 Dodging
 - Level 3.0 Spellcasting
 - Level 4.0 Hexes


You had 17 spell levels left.
You knew the following spells:

 Your Spells              Type           Power      Damage    Failure   Level
a - Slow                  Hex            60%        N/A       3%          1

Your spell library contained the following spells:

 Spells                   Type           Power      Damage    Failure   Level
 Confusing Touch          Hex            15%        N/A       11%         3
 Beastly Appendage        Tmut           4%         N/A       19%         1
 Necrotise                Necr           8%         1d4       19%         1
 Summon Small Mammal      Summ           8%         N/A       19%         1
 Dazzling Flash           Conj/Hex       16%        N/A       24%         3
 Summon Guardian Golem    Hex/Summ       8%         N/A       24%         3
 Lesser Beckoning         Tloc           4%         N/A       28%         2
 Wereblood                Tmut           2%         N/A       28%         2
 Call Canine Familiar     Summ           2%         N/A       50%         3
 Gell's Gravitas          Tloc           2%         N/A       50%         3
 Hailstorm                Conj/Ice       2%         3d3       50%         3
 Spider Form              Tmut/Pois      2%         N/A       50%         3
 Teleport Other           Tloc           2%         N/A       50%         3
 Vampiric Draining        Necr           2%         2d6       50%         3
 Volatile Blastmotes      Fire/Tloc      4%         2d10      50%         3
 Ice Form                 Ice/Tmut       2%         N/A       88%         4
 Iskenderun's Mystic Bla  Conj/Tloc      2%         2d3       88%         4
 Passage of Golubria      Tloc           2%         N/A       88%         4
 Silence                  Hex/Air        4%         N/A       92%         5
 Agony                    Necr           2%         N/A       99%         5
 Simulacrum               Ice/Necr       1%         N/A       100%        6
 Starburst                Conj/Fire      1%         6d3       100%        6
 Lehudib's Crystal Spear  Conj/Erth      1%         10d2      100%        8
 Chain Lightning          Conj/Air       1%         3d1       100%        9
 Fire Storm               Conj/Fire      1%         7d1       100%        9
 Shatter                  Erth           1%         3d5*      100%        9

Inventory:

Hand Weapons
 a - a +1 heavy falchion
 S - a +3 scimitar of flaming (weapon)
   (You took it off Erica on level 11 of the Dungeon)
Missiles
 E - 6 throwing nets
Armour
 d - an orb of light (worn)
 i - a +0 cloak (worn)
   (You found it on level 1 of the Dungeon)
 p - a +0 plate armour
   (You found it on level 3 of the Dungeon)
 q - a +1 robe of cold resistance
   (You found it on level 3 of the Dungeon)
 y - a +0 pair of boots (worn)
   (You found it on level 5 of the Dungeon)
 D - a +2 troll leather armour (worn) {Snorg}
   (You found it on level 13 of the Dungeon)
 H - a +0 pair of gloves (worn)
   (You found it on level 5 of the Dungeon)
 I - +0 swamp dragon scales
   (You took it off Maggie on level 6 of the Dungeon)
Jewellery
 m - a ring of wizardry
   (You found it on level 3 of the Dungeon)
 n - an amulet of faith
   (You found it on level 3 of the Dungeon)
 s - the ring of Itucipomp (left hand) {+Blink rF+ Slay+2 Stlth+}
   (You acquired it on level 7 of the Dungeon)

   [ring of protection from fire]

   Slay:      It affects your accuracy & damage with ranged weapons and melee
   (+2).
   rF:        It protects you from fire.
   +Blink:    It lets you blink.
   Stlth:     It makes you more stealthy.
 C - an amulet of the acrobat
   (You found it on level 5 of the Dungeon)
 O - a ring of flight (right hand)
   (You found it on level 9 of the Dungeon)
 P - the ring of Fedhas, Mashing {Fire Stlth+}
   (You took it off an orc warrior on level 9 of the Dungeon)

   [ring of fire]

   It enhances your fire magic.
   rF:        It protects you from fire.
   rC:        It makes you vulnerable to cold.
   Stlth:     It makes you more stealthy.
 R - a ring of ice
   (You took it off Fannar on level 11 of the Dungeon)
 T - a +6 ring of strength
   (You found it on level 11 of the Dungeon)
 V - the amulet "Xoim Sov" (around neck) {Fragile rElec Regen+ Int+5}
   (You found it on level 12 of the Dungeon)

   [amulet of regeneration]

   Int:       It affects your intelligence (+5).
   rElec:     It insulates you from electricity.
   Regen:     It increases your rate of health regeneration.
   Fragile:   It will be destroyed if unequipped.
Wands
 v - a wand of quicksilver (25)
   (You found it on level 4 of the Dungeon)
 G - a wand of roots (14)
   (You found it on level 5 of the Dungeon)
 L - a wand of paralysis (8)
   (You found it on level 7 of the Dungeon)
 M - a wand of polymorph (26)
   (You took it off an orc on level 8 of the Dungeon)
Scrolls
 g - 3 scrolls of silence
 h - 6 scrolls of teleportation
 k - a scroll of summoning
 t - 2 scrolls of vulnerability
 w - a scroll of enchant weapon
 x - a scroll of magic mapping
 A - a scroll of poison
 B - 3 scrolls of immolation
Potions
 c - 2 potions of ambrosia
 e - 6 potions of curing
 f - 2 potions of mutation
 j - 4 potions of brilliance
 l - 4 potions of flight
 o - 2 potions of cancellation
 r - 3 potions of invisibility
 u - 3 potions of heal wounds {unknown}
 F - 3 potions of might
 K - 2 potions of magic {unknown}
 N - a potion of haste {unknown}
 Q - 3 potions of lignification
 U - a potion of resistance {unknown}

Dungeon Overview and Level Annotations

Branches:
Dungeon (13/15) Zot: 25865  Temple (1/1) D:6 Zot: 5855    Lair (0/5) D:9
    Orc (0/2) D:12         Vaults (0/5) D:13         Bailey (visited)

Altars:
Ashenzari
Cheibriados
Dithmenos
Fedhas
Gozag
Hepliaklqana
Kikubaaqudgha
Makhleb
Nemelex Xobeh
Okawaru
Qazlal
Ru
Sif Muna
Trog
Uskayaw
Vehumet
Wu Jian
Xom
Yredelemnul

Annotations:
D:5 2 runed translucent doors, BlasphemerAmon's ghost, amateur DgNe
D:6 1 runed translucent door, Crazy Yiuf

......# #......# ~.+##.#
#......#
≈~..'.###########......#
≈≈~.#..................#
≈≈≈.#..................#
)####...................
))###...................
..##...###......Y.......
)[##...# #......@.......
'###...# #..............
))##...# #####..........
..###### #..§....... .[#
#..§....... ###
###########


You could see a catoblepas.


Message History

Malevolent energies surge around you.
The catoblepas gores you! 😕 HP[-11] MP[-1]
You take 11 damage, and now have 85/96 hp.
You lost 1 mp, and now have 16/17 mp.
Unknown command.
You slash the catoblepas! You burn the catoblepas.
You headbutt the catoblepas, but do no damage.
The catoblepas is struck by your spines.
The catoblepas misses you. 😕 HP[+1]
You hit the catoblepas. You burn the catoblepas.
The catoblepas breathes a plume of calcifying dust at you.
The blast of calcifying dust hits you. 😕 HP[-5]
You take 5 damage, and now have 81/96 hp.
You slash the catoblepas! You burn the catoblepas.
You are engulfed in calcifying dust.
You are slowing down. 😕 HP[+2]
You regained 2 hp, and now have 83/96 hp.
Aiming: Slow (safe; 3% risk of failure)
Press: ? - help, Q - select action, (/) - cycle Shift-Dir - straight line, f/p - catoblepas
Aim: a catoblepas (heavily wounded, haloed, chance to affect: 1%)
The catoblepas resists with almost no effort.
Malevolent energies surge around you.
The catoblepas suddenly stops moving!
You are engulfed in calcifying dust.
Your limbs have turned to stone.
You have turned to stone.
You are engulfed in calcifying dust.
The catoblepas is no longer paralysed.
The catoblepas gores you!!
You are engulfed in calcifying dust.
The catoblepas breathes a plume of calcifying dust at you.
The blast of calcifying dust hits you.
The catoblepas gores you but does no damage.
The catoblepas gores you!!
The catoblepas gores you but does no damage.
The catoblepas gores you! The catoblepas gores you.
The catoblepas breathes a plume of calcifying dust at you.
The blast of calcifying dust hits you!
You are engulfed in calcifying dust.
The catoblepas roars fiercely, eyes lowered.
The catoblepas gores you!!
You turn to flesh and can move again. 😮 HP[-31] MP[+1]
You take 31 damage, and now have 52/96 hp.
MASSIVE DAMAGE!! (PAUSE)
Your mp is fully restored (17).
You hit the catoblepas but do no damage.
You headbutt the catoblepas, but do no damage.
You are engulfed in calcifying dust.
You are slowing down. 😮 HP[+2]
You regained 2 hp, and now have 54/96 hp.
Unknown command.
The catoblepas is struck by your spines.
The catoblepas barely misses you. The catoblepas closely misses you.
Your limbs are stiffening. 😮 HP[+3]
You regained 3 hp, and now have 57/96 hp.
You slash the catoblepas! You burn the catoblepas. The catoblepas gores you!!
* * * LOW HITPOINT WARNING * * *
You have turned to stone.
The catoblepas gores you!!
* * * LOW HITPOINT WARNING * * *
The catoblepas gores you!!
* * * LOW HITPOINT WARNING * * *
The catoblepas breathes a plume of calcifying dust at you.
The blast of calcifying dust hits you.
* * * LOW HITPOINT WARNING * * *
You are engulfed in calcifying dust.
The catoblepas gores you!!
* * * LOW HITPOINT WARNING * * *
You are engulfed in calcifying dust.
The catoblepas barely misses you.
You are engulfed in calcifying dust.
The catoblepas breathes a plume of calcifying dust at you.
The blast of calcifying dust hits you.
* * * LOW HITPOINT WARNING * * *
You are engulfed in calcifying dust.
The catoblepas breathes a plume of calcifying dust at you.
The blast of calcifying dust hits you.
* * * LOW HITPOINT WARNING * * *
You are engulfed in calcifying dust.
The catoblepas is struck by your spines.
The catoblepas gores you!
* * * LOW HITPOINT WARNING * * *
The catoblepas is struck by your spines.
The catoblepas gores you but does no damage.
The catoblepas gores you.
* * * LOW HITPOINT WARNING * * *
You turn to flesh and can move again. 😱 HP[-43]
You take 43 damage, and now have 14/96 hp.
MASSIVE DAMAGE!! (PAUSE)
You hit the catoblepas but do no damage.
The catoblepas is struck by your spines.
The catoblepas gores you!!
You die...

Skill      XL: |  1  2  3  4  5  6  7  8  9 10 11 12 13 |
---------------+----------------------------------------+-----
Long Blades    | 3 4 5 6 8 9 11 12 14 | 14.0
Dodging        | 3 4 5 6 8 9 11 13 15 17 | 17.1
Hexes          | 3 4 |  4.0
Spellcasting   | 3 |  3.0
Fighting       | 4 7 |  7.0

Action                     |  1- 3 |  4- 6 |  7- 9 | 10-12 | 13-15 || total
---------------------------+-------+-------+-------+-------+-------++-------
  Melee: Falchion          |    55 |    87 |   223 |   357 |       ||   722
         Headbutt          |       |    15 |    68 |   156 |    31 ||   270
         Unarmed           |       |       |     2 |       |       ||     2
         Scimitar          |       |       |       |   160 |    90 ||   250
   Cast: Slow              |       |       |    45 |    98 |    17 ||   160
  Evoke: Wand              |       |       |     2 |     1 |       ||     3
    Use: Scroll            |     5 |     4 |     8 |     9 |       ||    26
         Potion            |       |       |       |     5 |       ||     5
   Stab: Paralysed         |       |       |    46 |    74 |     8 ||   128
 Armour: Robe              |    11 |    20 |     2 |       |       ||    33
         Leather armour    |       |       |     8 |       |       ||     8
         Swamp dragon scal |       |       |    43 |    78 |     1 ||   122
         Skin              |       |       |     1 |    18 |       ||    19
         Troll leather arm |       |       |       |     6 |    31 ||    37
  Dodge: Dodged            |    33 |    46 |   201 |   403 |   180 ||   863

Levels and vault maps discovered:
D:1:      erik_arrival_triangle_large, layout_basic,
          hellmonk_ecumenical_altar_inner_sanctum
D:2:      layout_loops_cross, chequers_avenue, minmay_cut_off
D:3:      layout_loops_corners, minmay_fractal_squares_diagonal_5
D:4:      layout_loops_ring
D:5:      layout_basic, zin_angel, ebering_ghost_sewer_f
D:6:      layout_cave_pools, lemuel_temple_firewalk_b, serial_park_tiny_pond,
          water_maze_lemuel, uniq_crazy_yiuf_cottage, uniq_maggie,
          uniq_blork_the_orc
D:7:      layout_basic
D:8:      layout_basic, dk_noncrumbling_4, uniq_pikel
D:9:      minmay_flawed_box, layout_irregular_city, erik_lair_orcish_takeover,
          chequers_serial_rivers_micro_d, nrook_campfire,
          minmay_misc_feat_diagonals, minmay_shattered_shrine
D:10:     layout_cave_pods, gammafunk_temple_overflow_forgotten,
          grunt_temple_overflow_opulence, enter_bailey_3, uniq_harold
D:11:     layout_basic, uniq_lodul, uniq_erica, uniq_fannar
D:12:     layout_loops_ring, minmay_orc_entry_guard_dogs, hangedman_fish_farm
D:13:     layout_irregular_city, grunt_vaults_entry_fortified, serial_shops,
          shop, uniq_snorg
Temple:   eino_temple_rhombus

Notes
Turn   | Place    | Note
-------+----------+-------------------------------------------
     0 | D:1      | ytrimaz the Demonspawn Monk began the quest for the Orb.
     0 | D:1      | Reached XP level 1. HP: 18/18 MP: 1/1
     0 | D:1      | magus.rc [v1.9.6]
   263 | D:1      | Reached skill level 3 in Long Blades
   263 | D:1      | Reached skill level 3 in Dodging
   299 | D:1      | Gained mutation: Your movements are slightly less
                  | encumbered by armour. (ER -2) [demonic ancestry]
   299 | D:1      | Reached XP level 2. HP: 21/24 MP: 2/2
   567 | D:1      | You pick up a book of Callings and begin reading...
   567 | D:1      | You add the spells Summon Small Mammal, Call Canine
                  | Familiar and Summon Guardian Golem to your library.
   589 | D:1      | Found a faded altar of an unknown god.
  1085 | D:2      | Gained mutation: You are partially covered in sharp spines.
                  | [demonic ancestry]
  1085 | D:2      | Reached XP level 3. HP: 26/29 MP: 3/3
  1453 | D:2      | Gained mutation: You have a pair of small horns on your
                  | head. [demonic ancestry]
  1453 | D:2      | Reached XP level 4. HP: 35/35 MP: 4/4
  1820 | D:3      | Reached skill level 4 in Long Blades
  2018 | D:3      | Reached skill level 4 in Dodging
  2047 | D:3      | You pick up a book of Debilitation and begin reading...
  2047 | D:3      | You add the spells Slow, Vampiric Draining and Confusing
                  | Touch to your library.
  2148 | D:3      | You pick up a book of Spectacle and begin reading...
  2148 | D:3      | You add the spells Volatile Blastmotes, Dazzling Flash,
                  | Iskenderun's Mystic Blast and Starburst to your library.
  2514 | D:4      | Reached XP level 5. HP: 33/41 MP: 5/5
  2874 | D:4      | Noticed a phantom
  2878 | D:4      | Killed a phantom
  2879 | D:4      | Gained mutation: Spells you cast may paralyse adjacent
                  | enemies. [demonic ancestry]
  2879 | D:4      | Reached XP level 6. HP: 39/47 MP: 6/6
  2973 | D:4      | Reached skill level 5 in Long Blades
  2973 | D:4      | Reached skill level 5 in Dodging
  3441 | D:5      | Entered Level 5 of the Dungeon
  3616 | D:5      | Gained mutation: Your movements are less encumbered by
                  | armour. (ER -4) [demonic ancestry]
  3616 | D:5      | Reached XP level 7. HP: 49/52 MP: 7/7
  3805 | D:5      | Reached skill level 6 in Long Blades
  3805 | D:5      | Reached skill level 6 in Dodging
  4212 | D:5      | Noticed an angel
  4289 | D:5      | Found a runed translucent door.
  4290 | D:5      | Noticed BlasphemerAmon's ghost (amateur DgNe)
  4310 | D:5      | Found a runed translucent door.
  4370 | D:5      | Learned a level 1 spell: Slow
  4654 | D:6      | Gained mutation: You have a pair of horns on your head.
                  | [demonic ancestry]
  4654 | D:6      | Reached XP level 8. HP: 56/58 MP: 5/8
  4901 | D:6      | Noticed Maggie
  4929 | D:6      | Killed Maggie
  4930 | D:6      | Reached skill level 7 in Long Blades
  4930 | D:6      | Reached skill level 7 in Dodging
  5052 | D:6      | Noticed Blork the orc
  5063 | D:6      | Killed Blork the orc
  5116 | D:6      | Found a runed translucent door.
  5117 | D:6      | Noticed Crazy Yiuf
  5241 | D:6      | Found a staircase to the Ecumenical Temple.
  5470 | Temple   | Entered the Ecumenical Temple
  5753 | D:7      | Reached skill level 8 in Long Blades
  5753 | D:7      | Reached skill level 8 in Dodging
  5892 | D:7      | Reached XP level 9. HP: 57/63 MP: 9/9
  6091 | D:7      | Reached skill level 1 in Hexes
  6353 | D:7      | Identified a scroll of acquirement
  6355 | D:7      | Acquired the ring of Itucipomp {+Blink rF+ Slay+2 Stlth+}
  6399 | D:8      | Reached skill level 2 in Hexes
  6492 | D:8      | Reached skill level 3 in Hexes
  6816 | D:8      | Noticed Pikel
  6826 | D:8      | Killed Pikel
  6827 | D:8      | Reached skill level 9 in Long Blades
  6827 | D:8      | Reached skill level 9 in Dodging
  7476 | D:9      | Noticed a troll
  7544 | D:9      | Reached XP level 10. HP: 62/70 MP: 7/10
  7630 | D:9      | Reached skill level 10 in Long Blades
  7648 | D:9      | Found a staircase to the Lair.
  7675 | D:9      | You pick up a book of Changes and begin reading...
  7675 | D:9      | You add the spells Beastly Appendage, Wereblood and Spider
                  | Form to your library.
  7694 | D:9      | Reached skill level 10 in Dodging
  7747 | D:9      | HP: 9/70 [slime creature (15)]
  7759 | D:9      | HP: 26/105 [orc/+0 hand axe (2)]
  7764 | D:9      | HP: 15/105 [orc/+0 hand axe (1)]
  7873 | D:9      | Identified the ring of Fedhas, Mashing {Fire Stlth+}
  7896 | D:9      | Noticed a tengu warrior
  7916 | D:9      | Killed a tengu warrior
  7917 | D:9      | HP: 17/70 [meliai/divine providence (15)]
  7918 | D:9      | HP: 3/70 [meliai/divine providence (15)]
  8020 | D:9      | Reached skill level 11 in Long Blades
  8020 | D:9      | Reached skill level 11 in Dodging
  8095 | D:9      | Noticed a red ugly thing
  8095 | D:9      | Noticed a cyclops
  8166 | D:9      | Killed a cyclops
  8167 | D:9      | Reached XP level 11. HP: 75/75 MP: 8/11
  8302 | D:9      | Noticed a centaur warrior
  8314 | D:9      | Killed a centaur warrior
  8389 | D:9      | Noticed a two-headed ogre
  8398 | D:9      | Killed a two-headed ogre
  8667 | D:9      | Killed a red ugly thing
  8780 | D:10     | Entered Level 10 of the Dungeon
  8921 | D:10     | You pick up a book of Displacement and begin reading...
  8921 | D:10     | You add the spells Lesser Beckoning, Gell's Gravitas and
                  | Teleport Other to your library.
  8942 | D:10     | Reached skill level 12 in Long Blades
  8943 | D:10     | Found a flagged portal.
  8971 | D:10     | Reached skill level 12 in Dodging
  8985 | Bailey   | Entered a bailey
  9008 | Bailey   | Reached skill level 1 in Spellcasting
  9133 | Bailey   | Reached skill level 2 in Spellcasting
  9303 | Bailey   | Acquired a manual of Dodging
  9473 | Bailey   | Found an iron altar of Okawaru.
  9514 | Bailey   | You pick up a book of Annihilations and begin reading...
  9514 | Bailey   | You add the spells Chain Lightning, Fire Storm and Shatter
                  | to your library.
  9646 | D:10     | Reached skill level 3 in Spellcasting
  9990 | D:10     | Found an ancient bone altar of Kikubaaqudgha.
  9990 | D:10     | Found a burning altar of Makhleb.
  9991 | D:10     | Found a shadowy altar of Dithmenos.
 10052 | D:10     | Noticed Harold
 10063 | D:10     | Killed Harold
 10240 | D:10     | Found a sparkling altar of Nemelex Xobeh.
 10241 | D:10     | Found an opulent altar of Gozag.
 10464 | D:11     | Noticed Fannar
 10477 | D:11     | Killed Fannar
 10478 | D:11     | Reached skill level 13 in Dodging
 10583 | D:11     | Noticed Lodul
 10593 | D:11     | Reached XP level 12. HP: 81/81 MP: 16/16
 10603 | D:11     | HP: 18/81 [Lodul/+1 dire flail of protection (19)]
 10605 | D:11     | Killed Lodul
 10610 | D:11     | HP: 9/81 [ogre/+0 giant club[Lodul] (17)]
 10707 | D:11     | Noticed Erica
 10730 | D:11     | Killed Erica
 10731 | D:11     | Reached skill level 13 in Long Blades
 10859 | D:11     | You pick up a book of the Tundra and begin reading...
 10859 | D:11     | You add the spells Hailstorm, Ice Form and Simulacrum to
                  | your library.
 11104 | D:11     | Reached skill level 14 in Dodging
 11343 | D:12     | Identified the amulet "Xoim Sov" {Fragile rElec Regen+
                  | Int+5}
 11350 | D:12     | HP: 20/81 [gargoyle/+0 mace (21)]
 11352 | D:12     | Reached skill level 4 in Hexes
 11513 | D:12     | HP: 17/81 [skeletal warrior/+0 trident (11)]
 12124 | D:12     | Found a staircase to the Orcish Mines.
 12193 | D:12     | You pick up a book of Necromancy and begin reading...
 12193 | D:12     | You add the spells Necrotise and Agony to your library.
 12264 | D:12     | Reached skill level 15 in Dodging
 12289 | D:12     | HP: 17/81 [skeletal warrior/+0 battleaxe (6)]
 12569 | D:13     | You pick up a book of the Moon and begin reading...
 12569 | D:13     | You add the spells Passage of Golubria, Silence and
                  | Lehudib's Crystal Spear to your library.
 12580 | D:13     | Noticed a tengu warrior
 12592 | D:13     | Killed a tengu warrior
 12715 | D:13     | Noticed a vault guard
 12743 | D:13     | Killed a vault guard
 12748 | D:13     | Reached skill level 14 in Long Blades
 12762 | D:13     | Noticed a vault guard
 12814 | D:13     | Noticed a vault guard
 12830 | D:13     | Killed a vault guard
 12831 | D:13     | Reached skill level 4 in Fighting
 12875 | D:13     | Paralysed by an orc sorcerer for 5 turns
 12893 | D:13     | Found a gate to the Vaults.
 12893 | D:13     | Noticed a vault guard
 12893 | D:13     | Noticed a vault guard
 12916 | D:13     | Killed a vault guard
 12917 | D:13     | Reached XP level 13. HP: 46/90 MP: 17/17
 12976 | D:13     | Reached skill level 16 in Dodging
 13022 | D:13     | Identified the +2 pair of gloves of Pandemonium {-Tele
                  | rElec Stlth+}
 13054 | D:13     | Reached skill level 5 in Fighting
 13131 | D:13     | Noticed Snorg
 13142 | D:13     | Killed Snorg
 13224 | D:13     | Reached skill level 6 in Fighting
 13533 | D:13     | Reached skill level 17 in Dodging
 13583 | D:13     | Reached skill level 7 in Fighting
 13680 | D:13     | HP: 23/96 [catoblepas (16)]
 13685 | D:13     | HP: 16/96 [catoblepas/blast of calcifying dust (3)]
 13689 | D:13     | Mangled by a catoblepas

Vanquished Creatures
  Snorg (D:13)
  An entropy weaver (shapeshifter) (D:13)
  Fannar (D:11)
  Harold (D:10)
  5 vault guards (D:13)
  4 centaur warriors
  Erica (D:11)
  A two-headed ogre (D:9)
  2 tengu warriors
  A deep elf knight (D:13)
  5 skeletal warriors (D:12)
  Lodul (D:11)
  Pikel (D:8)
  An ugly thing (D:9)
  2 orc sorcerers (D:13)
  4 cyclopes
  4 manticores
  4 slime creatures (D:9)
  3 gargoyles
  Maggie (D:6)
  4 unseen horrors
  3 kobold demonologists
  A freezing wraith (D:12)
  5 trolls
  A meliai (D:9)
  A merfolk (D:12)
  A hornet (D:11)
  A shadow (D:9)
  3 wraiths
  2 wyverns
  16 yaks
  A human (D:13)
  2 steam dragons
  7 vampire mosquitoes
  5 wargs
  An acid dragon (D:9)
  A water moccasin (D:5)
  2 black bears
  A sky beast (D:6)
  12 orc warriors
  8 centaurs
  7 ogres
  3 phantoms
  A kobold brigand (D:9)
  Blork the orc (D:6)
  4 bullfrogs
  A gnoll sergeant (D:11)
  A scorpion (D:5)
  10 wights
  A killer bee (D:9)
  4 electric eels
  4 howler monkeys
  5 hounds
  A gnoll bouda (D:5)
  A jelly (D:4)
  3 iguanas
  23 orc wizards
  5 adders
  15 gnolls
  2 white imps
  An ufetubus (D:5)
  3 worms (D:4)
  2 dart slugs
  38 orcs
  6 ball pythons
  3 bats
  6 endoplasms
  A giant cockroach (D:4)
  16 goblins
  6 hobgoblins
  3 jackals (D:2)
  13 kobolds
  3 quokkas
  2 frilled lizards
  3 rats
320 creatures vanquished.

Vanquished Creatures (others)
  An orc (Bailey)
  5 plants (D:9)
6 creatures vanquished.

Grand Total: 326 creatures vanquished

Table legend:
 A = Non-vault XP
 B = Vault XP
 C = Vault XP percentage of total XP
 D = Non-vault monster count
 E = Vault monster count
 F = Vault count percentage of total count
                 A         B        C        D         E       F
            +---------+---------+-------+---------+---------+-------
      Total |   28839 |   20990 |  42.1 |     227 |      93 |  29.1
            +---------+---------+-------+---------+---------+-------
        D:1 |      25 |       0 |   0.0 |      13 |       0 |   0.0
        D:2 |      63 |      19 |  23.2 |      16 |       4 |  20.0
        D:3 |      54 |       4 |   6.9 |      10 |       3 |  23.1
        D:4 |     486 |       0 |   0.0 |      23 |       0 |   0.0
        D:5 |     758 |       0 |   0.0 |      25 |       0 |   0.0
        D:6 |     286 |     494 |  63.3 |       5 |       2 |  28.6
        D:7 |    1089 |       0 |   0.0 |      24 |       0 |   0.0
        D:8 |    1024 |     617 |  37.6 |      23 |       1 |   4.2
        D:9 |    4369 |    5118 |  53.9 |      23 |      27 |  54.0
       D:10 |    3191 |     859 |  21.2 |      13 |       5 |  27.8
       D:11 |    2472 |    3165 |  56.1 |      15 |       9 |  37.5
       D:12 |    6564 |     770 |  10.5 |      16 |       4 |  20.0
       D:13 |    8458 |    7764 |  47.9 |      21 |      11 |  34.4
     Bailey |       0 |    2180 | 100.0 |       0 |      27 | 100.0
            +---------+---------+-------+---------+---------+-------

Illustrated notes

Table legend:
 A = Kills in this place as a percentage of kills in the entire game.
 B = Kills by you in this place as a percentage of kills by you in the entire game.
 C = Kills by friends in this place as a percentage of kills by friends in the entire game.
 D = Other kills in this place as a percentage of other kills in the entire game.
 E = Experience gained in this place as a percentage of experience gained in the entire game.
 F = Experience gained in this place divided by the number of levels of this place that you have seen.
                   A       B       C       D       E      F
               +-------+-------+-------+-------+-------+----------------------
         Total | 100.0 | 100.0 |   N/A |   N/A | 100.0 | 3321.9
       Dungeon |  91.6 |  91.6 |   N/A |   N/A |  95.6 | 3665.3
        Bailey |   8.4 |   8.4 |   N/A |   N/A |   4.4 | 2180.0
               +-------+-------+-------+-------+-------+----------------------

Table legend: (Time is in decaauts)
 A = Elapsed time spent in this place.
 B = Non-inter-level travel time spent in this place.
 C = Inter-level travel time spent in this place.
 D = Time resting spent in this place.
 E = Time spent auto-exploring this place.
 F = Levels seen in this place.
 G = Mean time per level.
                   A        B        C        D        E       F      G
               +--------+--------+--------+--------+--------+-----+--------+
         Total |  13570 |  13144 |    426 |    502 |   9847 |  15 |  904.7 |
       Dungeon |  12816 |  12394 |    422 |    444 |   9363 |  13 |  985.8 |
        Temple |    144 |    140 |      4 |      0 |    128 |   1 |  144.0 |
        Bailey |    609 |    609 |      0 |     58 |    356 |   1 |  609.0 |
               +--------+--------+--------+--------+--------+-----+--------+

Top non-repeatable levels by time:
     D:9: 1422 daAuts
     D:5: 1156 daAuts
    D:13: 1124 daAuts
    D:12: 1072 daAuts
    D:10: 1039 daAuts
     D:1: 989 daAuts
    D:11: 980 daAuts
     D:4: 958 daAuts
     D:6: 899 daAuts
     D:8: 895 daAuts
     D:3: 838 daAuts
     D:7: 772 daAuts
     D:2: 667 daAuts
  Bailey: 609 daAuts
  Temple: 144 daAuts
